[Event "Titled Tuesday Blitz April 25 Early 2023"]
[White "Shevtchenko, Olesya"]
[Black "Pultinevicius, Paulius"]
[WhiteFideId "24131890"]
[BlackFideId "12809390"]
[WhiteElo "2003"]
[BlackElo "2529"]
[Result "0-1"]
[Round "02"]
[TimeControl "180+2"]
[Date "2023.04.25"]
[WhiteClock "0:00:22"]
[BlackClock "0:00:07"]

1. e4 c6 2. d4 d5 3. exd5 cxd5 4. Bd3 Nc6 5. c3 Nf6 6. h3 e5 7. dxe5 Nxe5 8. Ne2 Bc5 9. O-O O-O 10. Bf4 Re8 11. Bc2 Qb6 12. Ba4 Re7 13. b4 Bd6 14. Be3 Qc7 15. Nd2 h6 16. Bb3 a6 17. Nf4 Qxc3 18. Nxd5 Nxd5 19. Bxd5 Qxb4 20. Rb1 Qh4 21. Ne4 Bc7 22. Bd4 Bf5 23. Ng3 Bxb1 24. Qxb1 Qxd4 25. Nf5 Qc5 26. Rc1 Qa3 27. Nxe7+ Qxe7 28. Qxb7 Rd8 29. Rxc7 Qf6 30. Bxf7+ Nxf7 31. g3 Qe6 32. Kh2 Qxa2 33. Qb6 a5 34. Rxf7 Kxf7 35. Qxd8 Qxf2+ 36. Kh1 Qxg3 37. Qd7+ Kf6 38. Qc6+ Ke7 39. Qb7+ Kf6 40. Qc6+ Kg5 41. Qd5+ Kh4 42. Qxa5 Qxh3+ 43. Kg1 Qg4+ 44. Kf1 Qg5 45. Qa6 Qf4+ 46. Kg2 g5 47. Kh1 Qf3+ 48. Kg1 h5 49. Qd6 Qg3+ 50. Qxg3+ Kxg3 51. Kh1 h4 52. Kg1 g4 53. Kh1 Kf3 54. Kg1 g3 55. Kh1 h3 56. Kg1 h2+ 57. Kh1 g2+ 58. Kxh2 Kf2 59. Kh3 g1=Q 0-1


[Site "https://www.chess.com"]

[Event "Titled Tuesday Blitz April 25 Early 2023"]
[White "Smirnov, Pavel"]
[Black "Lund, Gunnar"]
[WhiteFideId "4123425"]
[BlackFideId "1520814"]
[WhiteElo "2519"]
[BlackElo "2233"]
[Result "1-0"]
[Round "02"]
[TimeControl "180+2"]
[Date "2023.04.25"]
[WhiteClock "0:00:50"]
[BlackClock "0:00:06"]

1. d4 d6 2. e4 Nf6 3. Nc3 e5 4. Nf3 exd4 5. Nxd4 Be7 6. g3 Nbd7 7. Bg2 O-O 8. O-O Ne5 9. h3 Re8 10. b3 c6 11. Bb2 Bf8 12. Qd2 Qc7 13. f4 Ng6 14. a4 Bd7 15. Kh2 Rad8 16. Rae1 Bc8 17. Qf2 b6 18. Nf3 Bb7 19. e5 dxe5 20. fxe5 Nd5 21. Nxd5 cxd5 22. Ng5 Ba6 23. Nxf7 Bxf1 24. Rxf1 Bc5 25. Qf5 Rd7 26. e6 Rde7 27. Bxd5 Bd6 28. Nxd6 Qxd6 29. Qf7+ Rxf7 30. exf7+ Kf8 31. Bxg7+ Kxg7 32. fxe8=Q Qxd5 33. Qe3 h5 34. Qc3+ Kh6 35. Rf7 h4 36. Qe3+ Qg5 37. Rh7+ 1-0


[Site "https://www.chess.com"]

[Event "Titled Tuesday Blitz April 25 Early 2023"]
[White "Fiorito, Francisco"]
[Black "Beerdsen, Thomas"]
[WhiteFideId "180165"]
[BlackFideId "1030108"]
[WhiteElo "2341"]
[BlackElo "2547"]
[Result "0-1"]
[Round "02"]
[TimeControl "180+2"]
[Date "2023.04.25"]
[WhiteClock "0:00:02"]
[BlackClock "0:01:35"]

1. d4 Nf6 2. Nc3 g6 3. Bf4 Bg7 4. e3 c5 5. dxc5 Qa5 6. Qd2 Qxc5 7. h3 O-O 8. Nf3 Nc6 9. Be2 d5 10. O-O Ne4 11. Qxd5 Bf5 12. Qxc5 Nxc5 13. Rac1 Nb4 14. Bd1 Bxc3 15. bxc3 Nxa2 16. Ra1 Nxc3 17. Nd4 Rfd8 18. Bf3 Be4 19. Bc7 Rd7 20. Bb6 N5a4 21. Ba5 Bxf3 22. Nxf3 b6 23. Bb4 a5 24. Bxc3 Nxc3 25. Nd4 e5 26. Nb3 a4 27. Nc1 e4 28. f3 Rd2 29. fxe4 Rxc2 30. Nd3 Nxe4 31. Rfb1 Rd8 32. Nb4 Re2 33. Rd1 Rxd1+ 34. Rxd1 Rxe3 35. Nc6 a3 36. Ne7+ Kg7 37. Rd8 a2 38. Rg8+ Kf6 39. Nd5+ Ke5 40. Nxe3 a1=Q+ 41. Kh2 Qe1 42. Ng4+ Kd6 43. Rd8+ Ke7 44. Rd3 f5 45. Ne5 f4 46. Nc6+ Kf6 47. Nd4 Nf2 48. Rd1 Qxd1 0-1


[Site "https://www.chess.com"]

[Event "Titled Tuesday Blitz April 25 Early 2023"]
[White "Safin, Robert"]
[Black "Hambleton, Aman"]
[WhiteFideId "34189120"]
[BlackFideId "2606577"]
[WhiteElo "2245"]
[BlackElo "2511"]
[Result "1/2-1/2"]
[Round "02"]
[TimeControl "180+2"]
[Date "2023.04.25"]
[WhiteClock "0:00:05"]
[BlackClock "0:00:02"]

1. e4 b6 2. d4 Bb7 3. Bd3 e6 4. Nf3 d5 5. Nbd2 Nf6 6. Qe2 Nxe4 7. Nxe4 dxe4 8. Bxe4 Bxe4 9. Qxe4 Qd5 10. Qxd5 exd5 11. Bf4 c6 12. Bxb8 Rxb8 13. Kd2 f6 14. Rhe1+ Kd7 15. Re2 Re8 16. Rxe8 Kxe8 17. Ne1 Kd7 18. Nd3 Bd6 19. h3 c5 20. c3 cxd4 21. cxd4 Re8 22. Re1 Re4 23. Kc3 a5 24. a3 b5 25. Rxe4 dxe4 26. Nc5+ Bxc5 27. dxc5 a4 28. Kd4 Kc6 29. g4 g6 30. h4 f5 31. g5 Kc7 32. Kd5 Kd7 33. c6+ Kc7 34. Kc5 f4 35. Kd4 e3 36. fxe3 f3 37. Kd3 Kxc6 38. e4 b4 39. axb4 Kb5 40. Ke3 Kxb4 41. e5 Kc5 42. Kxf3 Kd5 43. Kf4 Kc6 44. Ke4 Kc5 45. Kf4 Kd5 46. Kf3 Kxe5 47. Ke3 Kd5 48. Kd3 Kc5 49. Kc3 Kb5 50. Kd3 Kb4 51. Kd2 Kc4 52. Kc2 Kd4 53. Kd2 Kc4 54. Kc2 Kb4 55. Kd2 Kb3 56. Kc1 Kc4 57. Kc2 1/2-1/2


[Site "https://www.chess.com"]

[Event "Titled Tuesday Blitz April 25 Early 2023"]
[White "Guerrero Olmos, Sergio"]
[Black "Rozen, Eytan"]
[WhiteFideId "2257238"]
[BlackFideId "2816750"]
[WhiteElo "2266"]
[BlackElo "2451"]
[Result "1-0"]
[Round "02"]
[TimeControl "180+2"]
[Date "2023.04.25"]
[WhiteClock "0:00:19"]
[BlackClock "0:00:12"]

1. d4 Nf6 2. Nf3 g6 3. Bf4 Bg7 4. e3 O-O 5. Be2 d6 6. h3 b6 7. Nbd2 Bb7 8. O-O Nbd7 9. a4 Qe8 10. a5 e5 11. Bh2 e4 12. Ne1 h5 13. c4 Qe7 14. b4 c5 15. Nc2 d5 16. a6 Bc8 17. bxc5 bxc5 18. Nb3 dxc4 19. Bxc4 Nb6 20. Bb5 cxd4 21. Ncxd4 Nfd5 22. Bc6 Bd7 23. Bxa8 Rxa8 24. Rc1 Rc8 25. Rxc8+ Bxc8 26. Qe2 Nb4 27. Ra1 h4 28. Qb5 Nd3 29. Qc6 Bd7 30. Qd6 Qg5 31. Ra5 f5 32. Qb8+ Kh7 33. Qxa7 Nc4 34. Qxd7 Nxa5 35. Nxa5 f4 36. Qxg7+ 1-0


[Site "https://www.chess.com"]

[Event "Titled Tuesday Blitz April 25 Early 2023"]
[White "Azarov, Sergei"]
[Black "Weishaeutel, Moritz"]
[WhiteFideId "13501470"]
[BlackFideId "12967300"]
[WhiteElo "2475"]
[BlackElo "2301"]
[Result "1-0"]
[Round "02"]
[TimeControl "180+2"]
[Date "2023.04.25"]
[WhiteClock "0:00:07"]
[BlackClock "0:00:02"]

1. e4 e5 2. Nf3 Nf6 3. Nc3 Nc6 4. Bb5 Nd4 5. Bc4 Bc5 6. d3 d6 7. h3 Be6 8. Bxe6 Nxe6 9. Ne2 O-O 10. Ng3 d5 11. exd5 Qxd5 12. O-O Rfe8 13. Re1 Nd4 14. Ne4 Nxe4 15. dxe4 Nxf3+ 16. Qxf3 Qc4 17. Qb3 Qxb3 18. axb3 Rad8 19. Kf1 Re7 20. c3 f6 21. b4 Bb6 22. b5 Red7 23. Be3 Kf7 24. Bxb6 axb6 25. Ra7 c6 26. bxc6 bxc6 27. Rea1 Ke6 28. Rxd7 Rxd7 29. Ke2 b5 30. Ra8 Kd6 31. g4 Kc5 32. b3 b4 33. Ra5+ Kb6 34. cxb4 Rd4 35. f3 Rxb4 36. Ra3 Rd4 37. h4 Rd7 38. h5 h6 39. Ra8 Kc5 40. Ke3 Kb4 41. Rb8+ Kc3 42. Rc8 Rd6 43. Rb8 Rd3+ 44. Kf2 Rd2+ 45. Kg3 Rd7 46. Rb6 Rc7 47. b4 Kc4 48. Rb8 c5 49. bxc5 Kxc5 50. Rd8 Kc6 51. g5 hxg5 52. Rf8 Kd6 53. h6 gxh6 54. Rxf6+ Ke7 55. Rxh6 Rc1 56. Kg4 Rh1 57. Rxh1 1-0


[Site "https://www.chess.com"]

[Event "Titled Tuesday Blitz April 25 Early 2023"]
[White "MKlose11"]
[Black "Shomoev, Anton"]
[BlackFideId "4135148"]
[WhiteElo "2548"]
[BlackElo "2451"]
[Result "0-1"]
[Round "02"]
[TimeControl "180+2"]
[Date "2023.04.25"]
[WhiteClock "0:00:03"]
[BlackClock "0:00:11"]

1. e4 c5 2. Nc3 d6 3. g3 Nc6 4. Bg2 g6 5. d3 Bg7 6. Be3 Rb8 7. Qd2 b5 8. Nge2 Nd4 9. Nc1 Bh3 10. Bxd4 cxd4 11. Bxh3 dxc3 12. bxc3 b4 13. Ne2 bxc3 14. Qe3 h5 15. Qxa7 h4 16. Qa4+ Kf8 17. Bg2 Rh5 18. O-O Rb2 19. d4 Qa5 20. Qc4 Bf6 21. f4 hxg3 22. hxg3 Rxc2 23. e5 dxe5 24. dxe5 Qb6+ 25. Qd4 Qa5 26. Bf3 Bxe5 27. fxe5 Rxe5 28. Rf2 Nf6 29. Raf1 Kg7 30. Nf4 Rxf2 31. Rxf2 Re1+ 32. Kg2 e5 33. Ne6+ fxe6 34. Qc4 e4 35. Bxe4 Rxe4 36. Qc7+ Qxc7 0-1


[Site "https://www.chess.com"]

[Event "Titled Tuesday Blitz April 25 Early 2023"]
[White "Yaniuk, Volodymyr"]
[Black "Goltsev, Dmitry"]
[WhiteFideId "14133083"]
[BlackFideId "24176710"]
[WhiteElo "2141"]
[BlackElo "2336"]
[Result "1-0"]
[Round "02"]
[TimeControl "180+2"]
[Date "2023.04.25"]
[WhiteClock "0:00:13"]
[BlackClock "0:00:03"]

1. d4 Nf6 2. c4 e6 3. g3 Bb4+ 4. Bd2 Qe7 5. Bg2 O-O 6. e4 e5 7. d5 a5 8. Ne2 Na6 9. O-O Bxd2 10. Qxd2 Nc5 11. Nbc3 d6 12. b3 h6 13. Rfb1 Nh7 14. Qe3 f5 15. exf5 Bxf5 16. Ne4 Nf6 17. N2c3 Ng4 18. Qe2 Bxe4 19. Nxe4 Nxe4 20. Qxe4 Nxf2 21. Qe2 e4 22. Re1 Rae8 23. Qe3 Nd3 24. Re2 Nc5 25. Rae1 Rf5 26. a3 Re5 27. Qc3 e3 28. b4 axb4 29. axb4 Nd7 30. Bh3 Nf8 31. c5 Rxd5 32. Rxe3 Re5 33. Rxe5 dxe5 34. Qc4+ Kh8 35. Bg2 c6 36. b5 Qf6 37. bxc6 bxc6 38. Qe4 Re6 39. Bh3 Re7 40. Rf1 Qxf1+ 41. Kxf1 g5 42. Bf5 Kg7 43. g4 Rf7 44. Qxc6 h5 45. Ke2 hxg4 46. Bxg4 Rf6 47. Qc7+ Kh6 48. Qxe5 Rf4 49. h3 Ng6 50. Qd6 Kg7 51. c6 Rc4 52. c7 Nf4+ 53. Kd2 Kh7 54. c8=Q Rxc8 55. Bxc8 Kg7 56. Qe5+ Kh6 57. Qf6+ Kh5 58. Bg4+ Kh4 59. Qh6+ Kg3 60. Qxg5 Ng2 61. Bf5+ Kh2 62. Be4 Nf4 63. Qxf4+ Kg1 64. Qg3+ Kf1 65. Qg2# 1-0


[Site "https://www.chess.com"]

[Event "Titled Tuesday Blitz April 25 Early 2023"]
[White "Kosakowski, Jakub"]
[Black "Sadovsky, Artem"]
[WhiteFideId "1185080"]
[BlackFideId "4155840"]
[WhiteElo "2488"]
[BlackElo "2314"]
[Result "1-0"]
[Round "02"]
[TimeControl "180+2"]
[Date "2023.04.25"]
[WhiteClock "0:00:14"]
[BlackClock "0:00:02"]

1. e4 g6 2. g3 Bg7 3. Bg2 d6 4. d4 Nf6 5. Nc3 O-O 6. Nge2 Nc6 7. O-O Rb8 8. h3 e5 9. Be3 a6 10. dxe5 Nxe5 11. b3 b5 12. f4 Ned7 13. a3 Bb7 14. Qd2 Re8 15. Rad1 Nxe4 16. Nxe4 Bxe4 17. Bxe4 Rxe4 18. Nc3 Re8 19. f5 Nc5 20. Nd5 Ne4 21. Qg2 c6 22. f6 Nxf6 23. Nxf6+ Bxf6 24. Qf3 Re6 25. Bg5 Kg7 26. Bxf6+ Rxf6 27. Qc3 d5 28. Rf2 Qd6 29. Rdf1 d4 30. Rxf6 Qxf6 31. Qc5 Qe6 32. Qxd4+ Kg8 33. Qf4 Re8 34. Kh2 Qe2+ 35. Rf2 Qe6 36. Qc7 h5 37. Qb7 c5 38. h4 c4 39. bxc4 Qxc4 40. Qxa6 Qc5 41. Qf6 Qd5 42. Qc3 1-0


[Site "https://www.chess.com"]

[Event "Titled Tuesday Blitz April 25 Early 2023"]
[White "Milikow, Yoav"]
[Black "Leenhouts, Koen"]
[WhiteFideId "2822237"]
[BlackFideId "1008439"]
[WhiteElo "2410"]
[BlackElo "2409"]
[Result "1-0"]
[Round "02"]
[TimeControl "180+2"]
[Date "2023.04.25"]
[WhiteClock "0:00:19"]
[BlackClock "0:00:02"]

1. d4 d5 2. c4 e6 3. Nc3 Nf6 4. Nf3 Be7 5. cxd5 exd5 6. Bf4 O-O 7. e3 c6 8. Bd3 a5 9. O-O Bg4 10. h3 Bh5 11. g4 Bg6 12. Bxg6 hxg6 13. Qd3 Re8 14. Kg2 Nbd7 15. a3 b5 16. Rac1 Nb6 17. Ne5 Rc8 18. Nb1 Nc4 19. b3 Nxe5 20. Bxe5 Ne4 21. Rc2 Bd6 22. Bxd6 Qxd6 23. Rfc1 g5 24. Qd1 Re6 25. Qe1 Rh6 26. f3 Nf6 27. Qg3 Qe6 28. Qe5 Qxe5 29. dxe5 Nd7 30. Nc3 Nxe5 31. Nxd5 Re8 32. Nc7 Re7 33. Na6 Nd3 34. Rd1 Rxe3 35. Kg3 Nf4 36. Rh1 Rxb3 37. Nb8 Rxa3 38. Nxc6 b4 39. Ne7+ Kh7 40. Nf5 Re6 41. h4 Ne2+ 42. Kf2 Nc3 43. hxg5+ Kg6 44. Rh5 f6 45. Nh4+ Kf7 46. g6+ Ke7 47. Rd2 Ra2 48. Nf5+ Ke8 49. Rh8# 1-0


[Site "https://www.chess.com"]

[Event "Titled Tuesday Blitz April 25 Early 2023"]
[White "Vovk, Orest"]
[Black "Mahdavi, Reza"]
[WhiteFideId "14113490"]
[BlackFideId "12595926"]
[WhiteElo "2215"]
[BlackElo "2357"]
[Result "0-1"]
[Round "02"]
[TimeControl "180+2"]
[Date "2023.04.25"]
[WhiteClock "0:00:01"]
[BlackClock "0:01:29"]

1. d4 Nf6 2. Bf4 g6 3. e3 Bg7 4. Nd2 d6 5. h3 O-O 6. Ngf3 c5 7. c3 Nc6 8. Bh2 cxd4 9. cxd4 Bf5 10. Qb3 e5 11. dxe5 dxe5 12. Qxb7 Rc8 13. Nb3 Be4 14. Nfd2 Rb8 15. Qa6 Nb4 16. Qc4 Nc2+ 17. Ke2 Rb4 18. Qc3 Nd5 19. Qc5 Nxa1 20. f3 Nxb3 21. axb3 Bf5 22. e4 Rxe4+ 23. fxe4 Nf4+ 24. Kf2 Qxd2+ 0-1


[Site "https://www.chess.com"]

[Event "Titled Tuesday Blitz April 25 Early 2023"]
[White "Ashraf, Artin"]
[Black "Bartel, Michal"]
[WhiteFideId "22514805"]
[BlackFideId "1119257"]
[WhiteElo "2188"]
[BlackElo "2282"]
[Result "0-1"]
[Round "02"]
[TimeControl "180+2"]
[Date "2023.04.25"]
[WhiteClock "0:00:04"]
[BlackClock "0:00:31"]

1. c4 e5 2. g3 c6 3. Nf3 e4 4. Nd4 d5 5. cxd5 Qxd5 6. Nc2 Nf6 7. Nc3 Qe5 8. Bg2 Be7 9. d4 exd3 10. Qxd3 O-O 11. Bf4 Qa5 12. O-O Bf5 13. e4 Rd8 14. Qe2 Bg4 15. f3 Be6 16. a3 Nbd7 17. b4 Qb6+ 18. Be3 Qc7 19. Nd4 Nf8 20. Rfd1 Rd7 21. Nxe6 Nxe6 22. Rxd7 Nxd7 23. f4 a5 24. b5 a4 25. e5 Nb6 26. Rc1 Bxa3 27. Rc2 c5 28. Ne4 Qe7 29. Nd6 Nd8 30. Nf5 Qe6 31. Nd6 Bb4 32. Nxb7 Nxb7 33. Bxb7 Rd8 34. Bc6 a3 35. Kg2 Qb3 36. Ra2 h5 37. h4 Nc4 38. Bf2 Nb2 39. Ra1 Nd3 40. Bg1 Bc3 41. Rd1 a2 42. Rxd3 Rxd3 43. Qxd3 a1=Q 44. Qd8+ Kh7 45. Be4+ g6 46. Bd5 Qaa2+ 0-1


[Site "https://www.chess.com"]

[Event "Titled Tuesday Blitz April 25 Early 2023"]
[White "MaryanKyrychenko"]
[Black "Gunina, Valentina"]
[BlackFideId "4167570"]
[WhiteElo "2531"]
[BlackElo "2352"]
[Result "1/2-1/2"]
[Round "02"]
[TimeControl "180+2"]
[Date "2023.04.25"]
[WhiteClock "0:00:54"]
[BlackClock "0:01:32"]

1. e4 c6 2. d4 d5 3. e5 c5 4. dxc5 e6 5. a3 Bxc5 6. b4 Bb6 7. Bb2 Ne7 8. Nf3 O-O 9. Bd3 Ng6 10. O-O a5 11. b5 a4 12. c4 Nd7 13. cxd5 exd5 14. Bxg6 hxg6 15. Qxd5 Nc5 16. Qxd8 Rxd8 17. Bd4 Bg4 18. Nbd2 Ba5 19. Bxc5 Bxd2 20. Nxd2 Rxd2 21. f3 Rd5 22. Bd6 Bf5 23. b6 Raa5 24. Rfd1 Rxd1+ 25. Rxd1 Rb5 26. Rd4 Rxb6 27. Rxa4 Rb2 28. Rb4 Rxb4 29. axb4 Be6 30. Kf2 b5 31. h4 f6 32. Ke3 fxe5 33. Bxe5 Bc4 34. Kf4 Bf1 35. g3 Be2 36. Ke4 Bd1 37. Bd4 Kf7 38. f4 Bg4 39. Kd5 Be2 40. Kd6 Bg4 41. Ke5 Be2 42. Ke4 Bg4 43. Ke3 Bd1 44. Ke4 Bg4 1/2-1/2


[Site "https://www.chess.com"]

[Event "Titled Tuesday Blitz April 25 Early 2023"]
[White "Herman, Daniel"]
[Black "Atakishiyev, Elmar"]
[WhiteFideId "30935008"]
[BlackFideId "13410547"]
[WhiteElo "1897"]
[BlackElo "2239"]
[Result "0-1"]
[Round "02"]
[TimeControl "180+2"]
[Date "2023.04.25"]
[WhiteClock "0:00:06"]
[BlackClock "0:00:19"]

1. c4 g6 2. Nc3 Bg7 3. e4 d6 4. d4 Nf6 5. Nf3 O-O 6. h3 e5 7. d5 a5 8. g4 Na6 9. Be3 Nc5 10. Nd2 Bd7 11. Qf3 a4 12. O-O-O c6 13. Kb1 Qa5 14. a3 Rfb8 15. Bg5 Ne8 16. h4 h6 17. Be3 b5 18. Bxc5 dxc5 19. dxc6 Bxc6 20. cxb5 Bxb5 21. Bxb5 Rxb5 22. Nxb5 Qxb5 23. Nf1 Rb8 24. Qc3 Nc7 25. Ne3 Ne6 26. Nc4 Nd4 27. Rh3 Qb7 28. Re3 Bf6 29. h5 Bg5 30. Red3 Qxe4 31. hxg6 fxg6 32. Nd6 Qe2 33. Qc4+ Kh8 34. Nf7+ Kg7 35. b4 axb3 36. Nxg5 Qa2+ 37. Kc1 Ne2# 0-1


[Site "https://www.chess.com"]

[Event "Titled Tuesday Blitz April 25 Early 2023"]
[White "Djordjevic, Vuk"]
[Black "Risteski, Emil"]
[WhiteFideId "902098"]
[BlackFideId "15005267"]
[WhiteElo "2452"]
[BlackElo "2251"]
[Result "1-0"]
[Round "02"]
[TimeControl "180+2"]
[Date "2023.04.25"]
[WhiteClock "0:00:09"]
[BlackClock "0:00:14"]

1. d4 c5 2. d5 g6 3. c4 Bg7 4. Nc3 d6 5. e4 e5 6. f3 h5 7. h4 Bh6 8. g3 Bxc1 9. Qxc1 Kf8 10. Qe3 Kg7 11. O-O-O Na6 12. f4 Nf6 13. Nf3 Ng4 14. Qd2 f6 15. Bh3 Nc7 16. Nh2 a6 17. Bxg4 hxg4 18. fxe5 fxe5 19. Qe2 b5 20. Nxg4 bxc4 21. Ne3 Nb5 22. Qd2 Nd4 23. Nxc4 Rb8 24. Ne2 Bg4 25. Nxd4 cxd4 26. Rdf1 a5 27. Kb1 a4 28. Na5 Bd7 29. Rc1 Qb6 30. Nc6 Rbc8 31. Ne7 Rb8 32. Rc2 Rh5 33. Nc6 Rc8 34. Qf2 Bxc6 35. dxc6 Rxc6 36. Rxc6 Qxc6 37. Qf3 Rh8 38. Rf1 Qb7 39. Qf6+ Kh7 40. Qxd6 Qxe4+ 41. Ka1 Rg8 42. h5 gxh5 43. Qe7+ Rg7 44. Qe8 Qg6 45. Qxe5 d3 46. Qd5 Re7 47. Rh1 d2 48. Qxd2 Re5 49. a3 Qe6 50. Qc2+ Kg7 51. Qc3 Kg6 52. Qd3+ Kg7 53. Rc1 Re1 54. Qc3+ Re5 55. Re1 Kf6 56. Rxe5 Qxe5 57. Qxe5+ Kxe5 58. b3 axb3 59. Kb2 Kf5 60. a4 Ke5 61. Kxb3 Kd5 62. Kc3 Kc5 63. Kd3 Kb4 64. Ke4 Kxa4 65. Kf5 Kb5 66. Kg5 Kc6 67. Kxh5 Kd6 68. Kg6 Ke6 69. g4 Ke7 70. g5 1-0


[Site "https://www.chess.com"]

[Event "Titled Tuesday Blitz April 25 Early 2023"]
[White "Arpita, Mukherjee"]
[Black "Harshavardhan G B"]
[WhiteFideId "5056403"]
[BlackFideId "25059009"]
[WhiteElo "2129"]
[BlackElo "2323"]
[Result "0-1"]
[Round "02"]
[TimeControl "180+2"]
[Date "2023.04.25"]
[WhiteClock "0:00:02"]
[BlackClock "0:01:37"]

1. e4 c5 2. Nf3 d6 3. Bb5+ Nd7 4. d4 cxd4 5. Qxd4 a6 6. Bxd7+ Bxd7 7. c4 e5 8. Qd3 h6 9. Nc3 Nf6 10. a4 Be7 11. O-O O-O 12. b3 Nh5 13. Nd5 Be6 14. Nxe7+ Qxe7 15. Ba3 Rfd8 16. Nxe5 Qf6 17. Nf3 Bg4 18. Nd2 Nf4 19. Qe3 Bh3 20. g3 Bxf1 21. Rxf1 Ne6 22. f4 Qd4 23. Qxd4 Nxd4 24. Bb2 Nc6 25. Rd1 Rab8 26. Kf2 b5 27. axb5 axb5 28. cxb5 Rxb5 29. Ke3 d5 30. e5 Na5 31. Bd4 Nxb3 32. Nxb3 Rxb3+ 33. Rd3 Rdb8 34. h4 h5 35. Rxb3 Rxb3+ 36. Kf2 g6 37. Bc5 Rc3 38. Bd6 d4 39. e6 fxe6 40. Be5 Rd3 41. Bf6 Kf7 42. Be5 Ke8 43. Ke2 Rxg3 44. f5 Re3+ 0-1


[Site "https://www.chess.com"]

[Event "Titled Tuesday Blitz April 25 Early 2023"]
[White "Csonka, Balazs"]
[Black "Vestby-Ellingsen, Mads"]
[WhiteFideId "742910"]
[BlackFideId "1520857"]
[WhiteElo "2404"]
[BlackElo "2246"]
[Result "1-0"]
[Round "02"]
[TimeControl "180+2"]
[Date "2023.04.25"]
[WhiteClock "0:00:19"]
[BlackClock "0:00:01"]

1. e4 e6 2. d4 b6 3. Bd3 Bb7 4. Ne2 g6 5. O-O Bg7 6. c4 Ne7 7. Nbc3 O-O 8. Be3 d5 9. cxd5 exd5 10. e5 c5 11. f4 Nbc6 12. Nb5 cxd4 13. Nexd4 Nxd4 14. Bxd4 Nc6 15. Bf2 Ba6 16. Nd6 Bxd3 17. Qxd3 Ne7 18. Bh4 f6 19. Rad1 Qd7 20. Qb3 g5 21. Rxd5 gxh4 22. Rd3+ Kh8 23. Nf7+ Rxf7 24. Rxd7 fxe5 25. Qxf7 1-0


[Site "https://www.chess.com"]

[Event "Titled Tuesday Blitz April 25 Early 2023"]
[White "Lorenzo De La Riva, Lazaro"]
[Black "Omranalhosani21"]
[WhiteFideId "2268809"]
[WhiteElo "2294"]
[BlackElo "2762"]
[Result "0-1"]
[Round "02"]
[TimeControl "180+2"]
[Date "2023.04.25"]
[WhiteClock "0:00:29"]
[BlackClock "0:01:13"]

1. e4 c5 2. Nf3 Nc6 3. d4 cxd4 4. Nxd4 Nf6 5. Nc3 d6 6. Bg5 Bd7 7. g3 a6 8. Bg2 e6 9. O-O Be7 10. Qd2 O-O 11. Kh1 Qc7 12. f4 Rad8 13. Rad1 Nxd4 14. Qxd4 Bc6 15. h4 h6 16. Bxf6 Bxf6 17. Qe3 b5 18. h5 b4 19. Ne2 Bxb2 20. f5 exf5 21. Rxf5 Bb5 22. Nf4 Qxc2 23. Qf3 Be5 24. Kh2 Bxf4 25. gxf4 Be2 26. Qg3 Qxd1 27. Rd5 Qc2 28. f5 Bxh5 29. f6 Bg6 30. fxg7 Kxg7 31. Qf4 Qc3 32. Bh3 Qf6 33. Qe3 Rfe8 34. Bf5 Bxf5 35. Qg1+ Qg6 36. Qa1+ Kh7 37. exf5 Re2+ 38. Kh3 Qg2+ 39. Kh4 Re4+ 0-1


[Site "https://www.chess.com"]

[Event "Titled Tuesday Blitz April 25 Early 2023"]
[White "Bryakin, Mikhail"]
[Black "Lehtosaari, Mauri"]
[WhiteFideId "4165314"]
[BlackFideId "501999"]
[WhiteElo "2447"]
[BlackElo "2523"]
[Result "1/2-1/2"]
[Round "02"]
[TimeControl "180+2"]
[Date "2023.04.25"]
[WhiteClock "0:02:58"]
[BlackClock "0:02:44"]

1. e4 d5 2. exd5 Qxd5 3. Qf3 Nf6 4. Nc3 Qxf3 5. Nxf3 c6 6. Bc4 Bf5 7. d3 e6 8. Nh4 Bg6 9. Nxg6 hxg6 10. h3 Nbd7 11. a3 Bd6 12. Bd2 1/2-1/2


[Site "https://www.chess.com"]

[Event "Titled Tuesday Blitz April 25 Early 2023"]
[White "Weetik, Vjacheslav"]
[Black "Reprintsev, Alexander"]
[WhiteFideId "4153472"]
[BlackFideId "14100541"]
[WhiteElo "2469"]
[BlackElo "2211"]
[Result "0-1"]
[Round "02"]
[TimeControl "180+2"]
[Date "2023.04.25"]
[WhiteClock "0:00:06"]
[BlackClock "0:00:57"]

1. d4 d5 2. Bf4 Nf6 3. e3 c5 4. c3 Qb6 5. Qb3 c4 6. Qc2 g6 7. b3 Bf5 8. Qd1 cxb3 9. Qxb3 Nbd7 10. Nd2 Bg7 11. Ngf3 O-O 12. Be2 Rfc8 13. c4 dxc4 14. Bxc4 Qxb3 15. Bxb3 Bd3 16. h3 e6 17. Ne5 Nxe5 18. Bxe5 b5 19. f3 a5 20. a4 b4 21. Kf2 Nd5 22. Rhc1 Bxe5 23. dxe5 Nc3 24. e4 g5 25. h4 Rc5 26. hxg5 Rxe5 27. Ke3 Rd8 28. f4 Rc5 29. Rh1 Ba6 30. Rad1 Rd3+ 31. Kf2 Nxd1+ 32. Rxd1 Rcc3 33. f5 Rxb3 34. f6 Rb2 35. Rc1 Rdxd2+ 36. Kf3 Rbc2 37. Rh1 0-1


[Site "https://www.chess.com"]

[Event "Titled Tuesday Blitz April 25 Early 2023"]
[White "Ladan, Nicholas"]
[Black "Postny, Evgeny"]
[WhiteFideId "30918855"]
[BlackFideId "2804344"]
[WhiteElo "2167"]
[BlackElo "2504"]
[Result "0-1"]
[Round "02"]
[TimeControl "180+2"]
[Date "2023.04.25"]
[WhiteClock "0:00:04"]
[BlackClock "0:00:08"]

1. d4 Nf6 2. Nf3 c5 3. g3 cxd4 4. Nxd4 Nc6 5. Bg2 g6 6. O-O Bg7 7. Nxc6 bxc6 8. c4 O-O 9. Nc3 Qc7 10. Bf4 e5 11. Bg5 d6 12. Qa4 Bb7 13. Rfd1 Nd7 14. Be7 Nc5 15. Bxd6 Nxa4 16. Bxc7 Nxc3 17. bxc3 Rac8 18. Bd6 Rfe8 19. Rab1 Ba6 20. Rb4 e4 21. Ra4 Bb7 22. Rxa7 Ba8 23. Be7 c5 24. Rdd7 Bc6 25. Rdc7 Bxc3 26. Bxc5 Rxc7 27. Rxc7 Ba4 28. f3 Bc2 29. fxe4 Bxe4 30. Re7 Bd4+ 31. Kf1 Rxe7 32. Bxe7 Bf5 33. c5 Bc8 34. Bd5 Kg7 35. c6 f5 36. c7 Bb6 37. Bd6 Kf6 38. Ke1 g5 39. a4 h5 40. Kd2 g4 41. Kc3 Bg1 42. a5 Bxh2 43. a6 Bxa6 44. Bc4 Bc8 45. Kb4 h4 46. Ka5 Bxg3 47. Ba6 Bxd6 48. Bxc8 Bxc7+ 49. Kb5 h3 50. Bb7 Kg5 51. Kc4 Kf4 52. Kd3 Kg3 53. Ke3 f4+ 54. Kd2 f3 55. exf3 gxf3 56. Ke1 h2 57. Bxf3 Kxf3 58. Kf1 h1=Q# 0-1


[Site "https://www.chess.com"]

[Event "Titled Tuesday Blitz April 25 Early 2023"]
[White "Papasimakopoulos, Alexandros"]
[Black "Ljukin, Sergei"]
[WhiteFideId "4244125"]
[BlackFideId "14102200"]
[WhiteElo "2359"]
[BlackElo "2312"]
[Result "1-0"]
[Round "02"]
[TimeControl "180+2"]
[Date "2023.04.25"]
[WhiteClock "0:00:48"]
[BlackClock "0:00:03"]

1. d4 d5 2. c4 c6 3. cxd5 cxd5 4. Bf4 Nf6 5. Nc3 Nc6 6. e3 Bf5 7. Qb3 Na5 8. Qa4+ Bd7 9. Qc2 e6 10. Nf3 Ne4 11. Bd3 f5 12. O-O Rc8 13. Ne5 Bb4 14. Qe2 O-O 15. Nxe4 fxe4 16. Bb5 Nc6 17. Nxd7 Qxd7 18. f3 a6 19. Ba4 b5 20. Bc2 Nxd4 21. exd4 Rxf4 22. fxe4 Qc7 23. Rxf4 Qxf4 24. Rf1 Qd2 25. Qg4 Qxc2 26. Qxe6+ Kh8 27. Qxd5 h6 28. h3 Bd2 29. Kh1 Qd3 30. Rf3 Qe2 31. Qf5 Re8 32. e5 Be3 33. d5 Qe1+ 34. Rf1 Qg3 35. d6 Qxe5 36. d7 Qe7 37. dxe8=Q+ Qxe8 38. Qf8+ Qxf8 39. Rxf8+ 1-0


[Site "https://www.chess.com"]